 Dungeon Crawl Stone Soup version 0.16.0-8-gd9ae3a8 (webtiles) character file.

371 Zugr the Covert (level 6, -4/28 HPs)
             Began as a Spriggan Enchanter on Mar 17, 2015.
             Slain by a slave (7 damage)
             ... led by Pikel
             ... on level 5 of the Dungeon.
             The game lasted 00:22:48 (4250 turns).

Zugr the Covert (Spriggan Enchanter)                Turns: 4250, Time: 00:22:48

Health: -4/28      AC:  3    Str:  6    XL:     6   Next: 42%
Magic:  2/17       EV: 18    Int: 17    God:
Gold:   288        SH:  0    Dex: 16    Spells: 3 memorised, 4 levels left

rFire  . . .     SeeInvis +     a - +1 dagger
rCold  . . .     Clarity  .     b - +1 robe
rNeg   . . .     SustAb   +     (shield restricted)
rPois  .         Gourm    .     q - +0 hat
rElec  .         Spirit   .     (no cloak)
rCorr  +         Warding  .     (gloves unavailable)
rMut   .         Stasis   .     (boots unavailable)
MR     +....                    s - amulet of resist corrosion
Stlth  +++++.....               (no ring)
                                m - ring of sustain abilities

@: very quick, somewhat resistant to hostile enchantments, quite stealthy
A: unfitting armour, see invisible, herbivore 3, speed 3, slow metabolism 2
a: no special abilities


You were on level 5 of the Dungeon.
You were full.

You visited 1 branch of the dungeon, and saw 5 of its levels.

You collected 288 gold pieces.

Inventory:

Hand weapons
 a - a +1 dagger (weapon)
Missiles
 j - 5 poisoned tomahawks (quivered)
Armour
 b - a +1 robe (worn)
 q - a +0 hat (worn)
Jewellery
 m - a ring of sustain abilities (left hand)
 s - an amulet of resist corrosion (around neck)
Scrolls
 e - a scroll of fog {unknown}
 f - 3 scrolls of recharging {unknown}
 g - a scroll of fear {unknown}
 l - 2 scrolls of magic mapping {unknown}
 t - a scroll of amnesia {unknown}
 u - a scroll of blinking {unknown}
 v - a scroll of remove curse
 w - a scroll of enchant armour {unknown}
 y - a scroll of immolation {unknown}
 z - a scroll of identify
Potions
 h - 3 potions of might
 i - a potion of mutation
 k - 3 potions of curing
 n - 2 potions of resistance
 o - 2 potions of cancellation
 r - a potion of agility
 x - a potion of invisibility
Books
 c - a book of Maledictions

   Spells                             Type                      Level
   a - Corona                         Hexes                        1
   b - Sure Blade                     Hexes/Charms                 2
   c - Ensorcelled Hibernation        Hexes/Ice                    2
   d - Confuse                        Hexes                        3
   e - Dazzling Spray                 Conjuration/Hexes            3
   f - Enslavement                    Hexes                        4
Comestibles
 d - 6 bread rations
 p - a fruit


   Skills:
 - Level 1.1 Short Blades
 - Level 3.0 Dodging
 + Level 10.3 Stealth
 - Level 2.6 Spellcasting
 - Level 5.0 Hexes


You had 4 spell levels left.
You knew the following spells:

 Your Spells              Type           Power        Failure   Level  Hunger
a - Corona                Hex            ###....      2%          1    #......
b - Ensorcelled Hibernat  Hex/Ice        ##....       12%         2    ##.....
c - Confuse               Hex            ###.....     10%         3    ###....


Dungeon Overview and Level Annotations

Branches:
Dungeon (5/15)
 Temple: D:4-7

Altars:
Cheibriados
The Shining One

Annotations:
D:4 Pikel


Innate Abilities, Weirdness & Mutations

You are tiny and cannot use many weapons and most armour.
You have supernaturally acute eyesight.
You are a herbivore.
You cover ground extremely quickly.
You need consume almost no food.


Message History

You see here a poisoned tomahawk.
Throwing (i - inventory):
j - 6 poisoned tomahawks (quivered)
Press: ? - help, Shift-Dir - straight line, f/p - Pikel
Aim: Pikel, wielding a whip of freezing and wearing a robe (moderately wounded, poisoned)
You throw a poisoned tomahawk.
The poisoned tomahawk hits Pikel but does no damage.
Pikel looks even sicker.
Pikel is moderately wounded.
Casting: Confuse
Confirm with . or Enter, or press ? or * to list all spells.
You don't have enough magic to cast that spell.
Pikel says, "Slavery isn't that bad."
Pikel hits you with a whip of freezing.
* * * LOW HITPOINT WARNING * * *
Pikel freezes you.
* * * LOW HITPOINT WARNING * * *
Pikel scowls and wipes his hands on his robe.
There is a stone staircase leading down here.
You climb downwards.
The adder misses you. The slave hits you!
You die...

#....##)#####
#........# .
###.....).###.).
###.#................
.......................
...####.......###.....
. #.......###......
#####..####.........
........p@....####...
#####...S_####
#...#...##
....#.###..## ..###.#
##..# . #. #pK###
#l.p.## #.##.K#
#...#.....#


You could see 3 slaves, an adder, a giant gecko and a kobold.

Vanquished Creatures
  A scorpion (D:4)
  A hound (D:4)
  2 orc priests (D:5)
  4 worker ants
  2 adders (D:4)
  An adder skeleton (D:3)
  5 giant geckos
  An ooze (D:3)
  11 orcs
  5 bats
  5 giant cockroaches
  10 hobgoblins
  7 jackals
  3 quokkas
  A ball python (D:2)
  8 giant newts
  10 goblins
  9 kobolds
  A quokka skeleton (D:4)
  5 rats
92 creatures vanquished.

Notes
Turn   | Place    | Note
--------------------------------------------------------------
     0 | D:1      | Zugr, the Spriggan Enchanter, began the quest for the Orb.
     0 | D:1      | Reached XP level 1. HP: 9/9 MP: 4/4
    39 | D:1      | Reached skill level 5 in Stealth
   104 | D:1      | Reached XP level 2. HP: 13/13 MP: 7/7
   310 | D:1      | Learned a level 2 spell: Ensorcelled Hibernation
   473 | D:1      | Reached skill level 6 in Stealth
   831 | D:1      | Reached XP level 3. HP: 16/16 MP: 9/9
  1723 | D:2      | Reached skill level 7 in Stealth
  2131 | D:3      | Reached XP level 4. HP: 18/21 MP: 6/12
  2178 | D:3      | Learned a level 3 spell: Confuse
  2875 | D:4      | Reached skill level 8 in Stealth
  3031 | D:4      | Reached skill level 9 in Stealth
  3031 | D:4      | Reached XP level 5. HP: 24/24 MP: 14/14
  3149 | D:4      | Reached XP level 6. HP: 28/28 MP: 17/17
  3174 | D:4      | Reached skill level 5 in Hexes
  3185 | D:4      | Found a glowing golden altar of the Shining One.
  3352 | D:5      | Entered Level 5 of the Dungeon
  3764 | D:5      | Reached skill level 10 in Stealth
  4175 | D:5      | Found a snail-covered altar of Cheibriados.
  4184 | D:5      | Noticed Pikel
  4250 | D:5      | Slain by a slave

Action                   |  1- 3 |  4- 6 || total
-------------------------+-------+-------++-------
Melee: Dagger            |   139 |    87 ||   226
Throw: Tomahawk          |       |     3 ||     3
 Cast: Ensorcelled Hiber |    12 |    14 ||    26
       Confuse           |       |    10 ||    10
  Use: Scroll            |     2 |     7 ||     9
 Stab: Sleeping          |    20 |    17 ||    37
       Distracted        |     2 |       ||     2
       Confused          |       |     1 ||     1
  Eat: Fruit             |       |     2 ||     2
       Bread ration      |       |     1 ||     1
